 Dungeon Crawl Stone Soup version 0.22-a0-448-g1fb7470 (webtiles) character file.

67 Dianna the Sneak (level 4, 0/29 HPs)
             Began as an Octopode Assassin on June 4, 2018.
             Slain by a gnoll
             ... wielding a +0 spear of pain
              (8 damage)
             ... on level 2 of the Dungeon.
             The game lasted 00:01:34 (1386 turns).

Dianna the Sneak (Octopode Assassin)                Turns: 1386, Time: 00:01:34

Health: 0/29       AC:  1    Str: 10    XL:     4   Next: 16%
Magic:  4/4        EV: 13    Int: 13    God:
Gold:   31         SH:  0    Dex: 14    Spells: 3/3 levels left

rFire    . . .     SeeInvis .   g - +1 dagger (freeze)
rCold    . . .     Gourm    .   (no shield)
rNeg     . . .     Faith    .   (helmet restricted)
rPois    .         Spirit   .   (no amulet)
rElec    .         Reflect  .   (no ring)
rCorr    .         Harm     .   (no ring)
MR       .....                  (no ring)
Stlth    +++++.....             (no ring)
HPRegen  0.09/turn              (no ring)
MPRegen  0.09/turn              (no ring)
                                (no ring)
                                (no ring)

@: no status effects
A: almost no armour, stealthy swim, amphibious, 8 rings, constrict 8, camouflage
1, gelatinous body 1
a: no special abilities


You were on level 2 of the Dungeon.
You were not hungry.

You visited 1 branch of the dungeon, and saw 2 of its levels.

You collected 31 gold pieces.

Inventory:

Hand Weapons
 a - a +2 dagger
 b - a +0 blowgun
 g - a +1 dagger of freezing (weapon)
Missiles
 c - 8 poisoned needles
 d - 2 curare-tipped needles
Scrolls
 e - a scroll of blinking {unknown}
 h - a scroll of fear {unknown}
 i - a scroll of identify {unknown}
 j - 2 scrolls of remove curse {unknown}
 l - 2 scrolls of enchant armour {unknown}
Potions
 m - 2 potions of brilliance {unknown}
 n - 2 potions of agility {unknown}
Comestibles
 f - 4 rations
 k - a chunk of flesh


   Skills:
 + Level 2.1 Fighting
 + Level 2.3 Short Blades
 - Level 2.0 Throwing
 * Level 1.4 Dodging
 * Level 7.2 Stealth


You had 3 spell levels left.
You didn't know any spells.
Your spell library was empty.

Dungeon Overview and Level Annotations

Branches:
Dungeon (2/15)

Altars:

Annotations:
D:2 Natasha


Innate Abilities, Weirdness & Mutations

You cannot wear most types of armour.
You are very stealthy in the water. (Stealth+)
You are amphibious.
You can wear up to eight rings at the same time.
You can use your tentacles to constrict eight enemies at once.
Your skin changes colour to match your surroundings (Stealth+).
Your rubbery body absorbs attacks. (AC +1, EV +1)


Message History

The gnoll hits you but does no damage.
You hit the gnoll. You freeze the gnoll.
The gnoll is moderately wounded.
You constrict the gnoll. You hit the gnoll. You freeze the gnoll.
The gnoll is severely wounded.
You constrict the gnoll. The gnoll hits you with a flail!
* * * LOW HITPOINT WARNING * * *
The crimson imp blinks!
The frilled lizard misses you.
You release your grip on the gnoll.
Natasha howls an incantation.
You feel disoriented.
Natasha casts a spell.
The crimson imp blinks!
Unknown command.
You hit the gnoll. You freeze the gnoll.
You kill the gnoll!
The frilled lizard misses you.
The gnoll hits you from afar with a spear of pain!
You die...

.....# #.............#
.....# ###...h.......#
.....# ......§g..†5..+
####.# .###...#.)...(#
.....# #K..#h.....#
####.... .g..(#......# #
.g.!.#.#g.....# #
........#.#)#l#############
# ......
#.#.@............<### ###
......
#.###.########....... ..#
.... #.# #.# #.#####. #.#
#..# #.# #.########.#####.
#.# #..# #.#
#.............##. #.# #..#
#.# ################. #.#
#..####.##################.
#.#
#..........................
#.#
#.#####.###################


You could see Natasha, 2 gnolls, a crimson imp and a frilled lizard.

Vanquished Creatures
  Natasha (D:2)
  A gnoll (D:2)
  A dart slug (D:1)
  A ball python (D:1)
  A giant cockroach (D:1)
  5 goblins (D:1)
  2 hobgoblins
  2 jackals (D:1)
  4 bats (D:1)
  5 kobolds
  9 rats
32 creatures vanquished.

Notes
Turn   | Place    | Note
-------+----------+-------------------------------------------
     0 | D:1      | Dianna the Octopode Assassin began the quest for the Orb.
     0 | D:1      | Reached XP level 1. HP: 14/14 MP: 1/1
   322 | D:1      | Reached XP level 2. HP: 19/19 MP: 2/2
   344 | D:1      | Reached skill level 6 in Stealth
   651 | D:1      | Reached XP level 3. HP: 21/24 MP: 3/3
  1046 | D:2      | Noticed Natasha
  1048 | D:2      | Killed Natasha
  1048 | D:2      | Reached skill level 7 in Stealth
  1371 | D:2      | Noticed Natasha
  1372 | D:2      | Reached XP level 4. HP: 29/29 MP: 4/4
  1386 | D:2      | Slain by a gnoll

Vault maps used:
D:1:      elethiomel_arrival_diamonds
D:2:      uniq_natasha

Skill      XL: |  1  2  3 |
---------------+----------+-----
Stealth        | 6 7 |  7.2
Fighting       | |  2.1
Short Blades   | |  2.3
Throwing       | |  2.0
Dodging        | |  1.4

Action                   |  1- 3 |  4- 6 || total
-------------------------+-------+-------++-------
Melee: Dagger            |    52 |     6 ||    58
       Tentacles         |     3 |     1 ||     4
       Constrict         |     4 |     2 ||     6
 Stab: Sleeping          |    12 |       ||    12
  Eat: Chunk             |     1 |       ||     1
Armor: Skin              |     7 |       ||     7
Dodge: Dodged            |    33 |     6 ||    39

Table legend:
 A = Spawn XP
 B = Non-spawn XP
 C = Spawn XP percentage of total XP
 D = Spawn monster count
 E = Non-spawn monster count
 F = Spawn count percentage of total count
 G = Total turns spent on level
                    A         B        C        D         E        F      G
               +---------+---------+-------+---------+---------+-------+---------
         Total |       0 |      96 |   0.0 |       0 |      32 |   0.0 |  1386
               +---------+---------+-------+---------+---------+-------+---------
           D:1 |       0 |      40 |   0.0 |       0 |      26 |   0.0 |  1232
           D:2 |       0 |      56 |   0.0 |       0 |       6 |   0.0 |   154
               +---------+---------+-------+---------+---------+-------+---------
